 Dungeon Crawl Stone Soup version 0.26-b1-59-ge38874ec40 (webtiles) character file.

Game seed: 16737413498549047043

60 jackrogers the Chopper (level 3, -1/49 HPs)
             Began as a Palentonga Berserker on Jan 9, 2021.
             Was a Believer of Trog.
             Slain by Crazy Yiuf
             ... wielding a +2 quarterstaff of chaos
              (6 damage)
             ... while paralysed by Crazy Yiuf
             ... on level 2 of the Dungeon.
             The game lasted 00:02:20 (1715 turns).

jackrogers the Chopper (Palentonga Berserker)       Turns: 1715, Time: 00:02:20

Health: -1/49      AC:  5    Str: 20    XL:     3   Next: 82%
Magic:  3/3        EV:  1    Int:  7    God:    Trog [**....]
Gold:   116        SH:  0    Dex: 10    Spells: 2/2 levels left

rFire    . . .     SeeInvis +   a - +0 hand axe
rCold    . . .     Faith    .   (no shield)
rNeg     . . .     Spirit   .   l - +0 ring mail
rPois    .         Reflect  .   (no helmet)
rElec    .         Harm     .   (no cloak)
rCorr    .         Rampage  .   (no gloves)
Will     .....                  (no barding)
Stlth    ..........             (no amulet)
HPRegen  0.16/turn              f - +4 ring of evasion
MPRegen  0.08/turn              (no ring)

@: paralysed, berserking, lethally poisoned (-1 -> -7)
A: large, rugged brown scales 3, see invisible, deformed body, roll 1, armoured
tail
a: Rolling Charge, Renounce Religion, Berserk, Trog's Hand


You were on level 2 of the Dungeon.
You worshipped Trog.
Trog was pleased with you.
You visited 1 branch of the dungeon, and saw 2 of its levels.

You collected 116 gold pieces.

Inventory:

Hand Weapons
 a - a +0 hand axe (weapon)
 j - a +0 spear
Armour
 b - a +0 animal skin
 l - a +0 ring mail (worn)
Jewellery
 f - a +4 ring of evasion (left hand)
Scrolls
 d - 5 scrolls of identify {unknown}
 e - 2 scrolls of magic mapping {unknown}
 h - a scroll of blinking {unknown}
 i - a scroll of enchant armour {unknown}
Potions
 c - 5 potions of might {unknown}
 g - a potion of magic {unknown}
 k - a potion of heal wounds {unknown}


   Skills:
 - Level 3.0 Fighting
 + Level 4.6 Axes
 - Level 1.5 Armour
 - Level 1.5 Dodging
 + Level 0.6 Stealth


You had 2 spell levels left.
You didn't know any spells.
Your spell library was empty.

Dungeon Overview and Level Annotations

Branches:
Dungeon (2/15)

Altars:

Annotations:
D:2 Crazy Yiuf


Innate Abilities, Weirdness & Mutations

You are completely covered in rugged brown scales. (AC +3, +7% HP)
You have supernaturally acute eyesight. (SInv)
Armour fits poorly on your strangely shaped body.
You can roll at nearby foes to attack.
You have a long armoured tail.


Message History

Crazy Yiuf whimpers, "Ghoul!
Adder broken spinner."
Crazy Yiuf hits you with a +2 quarterstaff of chaos!
Space bends around you.
You hit Crazy Yiuf but do no damage.
Crazy Yiuf grits, "Shower horse broken!"
Crazy Yiuf hits you with a +2 quarterstaff of chaos!
A red film seems to cover your vision as you go berserk!
You feel yourself moving faster!
You feel mighty!
Crazy Yiuf hits you with a +2 quarterstaff of chaos!
* * * LOW HITPOINT WARNING * * *
You suddenly lose the ability to move!
Crazy Yiuf hits you with a +2 quarterstaff of chaos.
* * * LOW HITPOINT WARNING * * *
You are lethally poisoned!
* * * LOW HITPOINT WARNING * * *
You feel sick. Crazy Yiuf hits you but does no damage.
* * * LOW HITPOINT WARNING * * *
You feel sick.
Crazy Yiuf hits you with a +2 quarterstaff of chaos.
You die...

#.........#
#......#
#.#########
#......# #.#
#......# #.#
######.# #.# #.#
#.# #.# #.###♣♣
### #.# #.....♣♣
♣♣#..)# ###
#....P.♣♣♣♣@g...#
##...PP.♣..♣#...#
##....♣.♣♣♣ ###
###♣♣♣♣♣


You could see Crazy Yiuf.

Vanquished Creatures
  2 adders (D:2)
  An ooze (D:1)
  A worm (D:2)
  3 dart slugs
  A giant cockroach (D:1)
  2 goblins
  3 hobgoblins
  2 quokkas (D:2)
  5 bats
  5 frilled lizards
  4 kobolds
  6 rats
35 creatures vanquished.

Notes
Turn   | Place    | Note
-------+----------+-------------------------------------------
     0 | D:1      | jackrogers the Palentonga Berserker began the quest for the
                  | Orb.
     0 | D:1      | Reached XP level 1. HP: 20/20 MP: 1/1
   304 | D:1      | Reached XP level 2. HP: 27/27 MP: 2/2
   846 | D:2      | Reached skill level 4 in Axes
   920 | D:2      | Reached XP level 3. HP: 22/33 MP: 3/3
  1319 | D:2      | Reached ** piety under Trog
  1631 | D:2      | Found a runed translucent door.
  1632 | D:2      | Noticed Crazy Yiuf
  1712 | D:2      | Paralysed by Crazy Yiuf for 4 turns
  1715 | D:2      | Slain by Crazy Yiuf

Illustrated notes

Levels and vault maps discovered:
D:1:      evilmike_arrival_home_sweet_home, layout_loops_ring
D:2:      layout_rooms, st_stairs_3, chequers_serial_rivers_small_b,
          uniq_crazy_yiuf_cottage

Skill      XL: |  1  2 |
---------------+-------+-----
Axes           | 4 |  4.6
Fighting       | |  3.0
Armour         | |  1.5
Dodging        | |  1.5
Stealth        | |  0.6

Action                   || total
-------------------------++-------
Melee: Hand axe          ||    86
       Tailslap          ||    13
Invok: Berserk           ||     2
 Stab: Sleeping          ||     2
Armor: Animal skin       ||    20
       Ring mail         ||     3
Dodge: Dodged            ||    73
